 Dungeon Crawl Stone Soup version 0.23-a0-143-g1adec7b (webtiles) character file.

14632 Mamutox the Unseen (level 11, -29/52 HPs)
             Began as a Spriggan Enchanter on Sept 5, 2018.
             Was an Elder of Dithmenos.
             Killed from afar by Azrael (53 damage)
             ... with a fireball
             ... on level 12 of the Dungeon on Sept 6, 2018.
             The game lasted 01:28:09 (17064 turns).

Mamutox the Unseen (Spriggan Enchanter)            Turns: 17064, Time: 01:28:11

Health: -29/52     AC:  6    Str:  4    XL:     11   Next: 91%
Magic:  34/37      EV: 24    Int: 20    God:    Dithmenos [****..]
Gold:   795        SH:  0    Dex: 19    Spells: 16/34 levels left

rFire    . . .     SeeInvis +   B - +4 dagger "Felamo" {vamp, MR+ Dex+2}
rCold    + . .     Gourm    .   (shield restricted)
rNeg     . . .     Faith    .   M - +2 robe {rC+}
rPois    .         Spirit   .   (helmet restricted)
rElec    .         Reflect  .   v - +1 cloak
rCorr    .         Harm     .   (gloves unavailable)
MR       ++...                  (boots unavailable)
Stlth    +++++++++.             q - amulet of the acrobat
HPRegen  0.17/turn              O - ring of magical power
MPRegen  0.25/turn              D - ring of wizardry

@: wreathed by umbra, very quick
A: very small, unfitting armour, see invisible, herbivore, speed 3, slow
metabolism 2
a: Shadow Step, Renounce Religion


You were on level 12 of the Dungeon.
You worshipped Dithmenos.
Dithmenos was greatly pleased with you.
You were very hungry.

You visited 3 branches of the dungeon, and saw 14 of its levels.
You also visited: Labyrinth.

You collected 795 gold pieces.

Inventory:

Hand Weapons
 g - a +2 short sword of flaming
 z - a +2 antimagic dagger
 B - the +4 dagger "Felamo" (weapon) {vamp, MR+ Dex+2}
   (You found it on level 6 of the Dungeon)

   It inflicts no extra harm, but heals its wielder when it wounds a living foe.
   It affects your dexterity (+2).
   It affects your resistance to hostile enchantments.
 J - a +2 dagger of protection
 Q - a +0 short sword of electrocution
Missiles
 l - 2 throwing nets (quivered)
 o - 151 sling bullets
 G - 12 javelins
 L - 5 tomahawks
Armour
 c - a +0 buckler
 t - a +2 troll leather armour {Snorg}
 v - a +1 cloak (worn)
 C - a +2 robe of magic resistance
 M - a +2 robe of cold resistance (worn)
 R - +0 acid dragon scales
Jewellery
 a - an uncursed ring of flight
 q - an amulet of the acrobat (around neck)
 r - an uncursed ring of wizardry
 D - a ring of wizardry (right hand)
 O - a ring of magical power (left hand)
Wands
 u - a wand of digging (15)
 A - a wand of acid (17)
 F - a wand of enslavement (24)
 K - a wand of clouds (4)
 N - a wand of flame (24)
 P - a wand of polymorph (13)
Scrolls
 b - 3 scrolls of blinking
 e - 3 scrolls of teleportation
 f - 7 scrolls of immolation
 k - 6 scrolls of remove curse
 n - 4 scrolls of fog
 w - 2 scrolls of amnesia
 y - a scroll of enchant weapon
 I - a scroll of enchant armour
 S - a scroll of identify
Potions
 h - 4 potions of curing
 i - a potion of might {unknown}
 j - 2 potions of cancellation
 m - 2 potions of haste
 p - 3 potions of brilliance
 s - a potion of berserk rage
 x - 2 potions of flight {unknown}
 E - a potion of lignification
 H - a potion of ambrosia {unknown}
 T - a potion of heal wounds {unknown}
Comestibles
 d - 26 rations


   Skills:
 - Level 3.0 Fighting
 - Level 8.4 Short Blades
 * Level 2.5 Armour
 - Level 7.8 Dodging
 + Level 15.1 Stealth
 + Level 12.1 Spellcasting
 + Level 2.0 Conjurations
 - Level 7.3 Hexes
 - Level 2.0 Charms
 - Level 0.5 Ice Magic
 - Level 2.4 Invocations
 + Level 5.1 Evocations


You had 16 spell levels left.
You knew the following spells:

 Your Spells              Type           Power        Failure   Level  Hunger
a - Regeneration          Chrm/Necr      ###.......   4%          3    None
b - Mephitic Cloud        Conj/Pois/Air  ##......     5%          3    None
c - Confuse               Hex            #####...     1%          3    None
d - Fulminant Prism       Conj/Hex       ####......   3%          4    #......
v - Dazzling Spray        Conj/Hex       ####..       1%          3    None
x - Ensorcelled Hibernat  Hex/Ice        ####..       1%          2    None

Your spell library contained the following spells:

 Spells                   Type           Power        Failure   Level  Hunger
 Corona                   Hex            #####..      1%          1    None
 Infusion                 Chrm           ###.         1%          1    None
 Magic Dart               Conj           ###.         1%          1    None
 Shock                    Conj/Air       ###.         1%          1    None
 Searing Ray              Conj           ###...       1%          2    None
 Song of Slaying          Chrm           ###.....     1%          2    None
 Spectral Weapon          Hex/Chrm       ####....     1%          3    None
 Tukima's Dance           Hex            #####...     1%          3    None
 Animate Skeleton         Necr           N/A          2%          1    None
 Pain                     Necr           ##..         2%          1    None
 Shroud of Golubria       Chrm/Tloc      ###.......   2%          2    None
 Swiftness                Chrm/Air       ###.....     2%          2    None
 Poisonous Vapours        Pois/Air       ##....       3%          2    None
 Conjure Flame            Conj/Fire      ###.....     4%          3    None
 Static Discharge         Conj/Air       ###.....     4%          3    None
 Vampiric Draining        Necr           ##........   7%          3    None
 Iskenderun's Mystic Bla  Conj           ###.....     10%         4    #......
 Force Lance              Conj/Tloc      ###.....     16%         4    #......
 Airstrike                Air            ##........   22%         4    #......
 Animate Dead             Necr           N/A          22%         4    #......
 Lightning Bolt           Conj/Air       ###.......   38%         5    ####...
 Freezing Cloud           Conj/Ice/Air   ###.......   90%         6    ######.
 Ring of Flames           Chrm/Fire      ###.......   100%        7    #######


Dungeon Overview and Level Annotations

Branches:
Dungeon (12/15)            Temple (1/1) D:6            Lair (0/6) D:8
    Orc (1/2) D:9

Altars:
Ashenzari
Cheibriados
Dithmenos
Elyvilon
Fedhas
Gozag
Hepliaklqana
Kikubaaqudgha
Makhleb
Nemelex Xobeh
Okawaru
Qazlal
Ru
Sif Muna
Trog
Uskayaw
Vehumet
Wu Jian
Xom
Yredelemnul
Zin
The Shining One

Shops:
D:4 *   D:8 *   D:9 *

Portals:
Trove: D:10 (show slimy rune of Zot)

Annotations:
D:12 Azrael


Innate Abilities, Weirdness & Mutations

You are very small and have problems with some larger weapons.
You are too small for most types of armour.
You have supernaturally acute eyesight. (SInv)
You are a herbivore.
You cover ground extremely quickly.
You need to consume almost no food.


Message History

The wyvern skeleton completely misses you.
You hit the wyvern skeleton.
The wyvern skeleton is moderately damaged.
You hit the wyvern skeleton.
The wyvern skeleton is heavily damaged.
You hit the wyvern skeleton.
The wyvern skeleton is heavily damaged.
You hit the wyvern skeleton.
The wyvern skeleton is severely damaged.
Your shadow hits the wyvern skeleton but does no damage.
You hit the wyvern skeleton.
The wyvern skeleton is severely damaged.
You strike the helpless wyvern skeleton from behind!
You spit the wyvern skeleton like a pig!!!
You destroy the wyvern skeleton!
Dithmenos accepts your kill. Azrael gestures at you.
The fireball explodes!
The fireball engulfs you!
Ouch! That really hurt!
You die...

.....†...........#
################.#
...........# ##'###
##########)# #....#####
###.# #.........
########...####..†.#####
....................... #
##################?.#..# #
.# ##.....)R.@......# # .#
#..../.§###.#c#..# # .#
#......§# .#.#.## # .#
#.......# .#....# # ######
.# #.......# .#c#..#.#
#..... .#
#..:....#####.c....#
#.####
§######..)...R#.(cc......#
#.....
.§....#......h#§###......#
###..#
..§...##......§.§c(......#
#...


You could see Azrael and a centaur.

Vanquished Creatures
  A minotaur (Lab)
  Snorg (D:11)
  2 unseen horrors (D:12)
  Pikel (D:8)
  A deep elf mage (D:11)
  Joseph (D:8)
  A manticore (D:12)
  2 black mambas (D:12)
  Psyche (D:8)
  A queen bee (D:10)
  A troll (D:12)
  Prince Ribbit (D:7)
  3 hornets
  A hippogriff (D:11)
  A water elemental (D:11)
  A human (D:8)
  A wyvern (D:10)
  A fire bat (D:12)
  4 hungry ghosts (Lab)
  3 soldier ants
  An acid dragon (D:11)
  2 hell hounds (D:11)
  4 water moccasins (D:12)
  A slave (D:8)
  2 sky beasts (D:8)
  A black bear (D:6)
  6 orc warriors
  2 ice beasts
  A phantom (D:7)
  4 centaurs
  3 ogres
  2 big kobolds
  A bullfrog (D:7)
  A wyvern skeleton (D:12)
  6 scorpions
  30 killer bees
  An electric eel (D:11)
  3 vampire bats (D:12)
  8 howler monkeys
  A crimson imp (D:9)
  A bullfrog zombie (D:7)
  7 hounds
  2 jellies (D:9)
  9 orc priests
  A bullfrog skeleton (D:11)
  2 centaur skeletons
  6 iguanas
  8 worker ants
  10 orc wizards
  A killer bee zombie (D:10)
  2 hound skeletons
  2 worker ant zombies
  3 gnolls
  18 adders
  A shadow imp (D:11)
  An ooze (D:1)
  An adder skeleton (D:4)
  2 worms (D:4)
  3 dart slugs
  3 leopard geckos
  53 orcs
  13 bats
  7 giant cockroaches
  6 goblins
  7 hobgoblins
  21 jackals
  2 quokkas
  5 ball pythons
  3 frilled lizards
  A jackal skeleton (D:4)
  17 kobolds
  A leopard gecko skeleton (D:6)
  A quokka zombie (D:7)
  8 rats
337 creatures vanquished.

Vanquished Creatures (others)
  3 slaves (D:8)
  A howler monkey (D:8)
  A quasit (D:8)
  A gnoll (D:8)
  A shadow imp (D:8)
7 creatures vanquished.

Grand Total: 344 creatures vanquished

Notes
Turn   | Place    | Note
-------+----------+-------------------------------------------
     0 | D:1      | Mamutox the Spriggan Enchanter began the quest for the Orb.
     0 | D:1      | Reached XP level 1. HP: 9/9 MP: 5/5
   125 | D:2      | Reached XP level 2. HP: 4/13 MP: 7/7
   129 | D:2      | Learned a level 2 spell: Ensorcelled Hibernation
   333 | D:2      | Found an opulent altar of Gozag.
   872 | D:1      | Reached skill level 5 in Stealth
   984 | D:1      | Reached XP level 3. HP: 16/16 MP: 5/8
   989 | D:1      | Learned a level 3 spell: Confuse
  1677 | D:2      | Reached XP level 4. HP: 21/21 MP: 8/11
  2384 | D:2      | Found a white marble altar of Elyvilon.
  2388 | D:2      | Found a hazy altar of Hepliaklqana.
  2410 | D:2      | Found a shattered altar of Ashenzari.
  2413 | D:2      | Found a glowing golden altar of the Shining One.
  3033 | D:4      | Reached skill level 6 in Stealth
  3033 | D:4      | Reached XP level 5. HP: 16/24 MP: 5/12
  3079 | D:4      | Reached skill level 5 in Hexes
  3800 | D:4      | Noticed an ogre
  3814 | D:4      | Reached XP level 6. HP: 28/28 MP: 8/14
  4096 | D:4      | Reached skill level 5 in Spellcasting
  4142 | D:4      | Learned a level 3 spell: Dazzling Spray
  4209 | D:4      | Reached skill level 7 in Stealth
  4891 | D:4      | Reached XP level 7. HP: 32/32 MP: 10/16
  5400 | D:4      | Found Qagg's Assorted Antiques.
  5511 | D:5      | Entered Level 5 of the Dungeon
  6259 | D:5      | Found a deep blue altar of Sif Muna.
  6533 | D:6      | Reached skill level 8 in Stealth
  6633 | D:6      | Reached skill level 1 in Conjurations
  6684 | D:6      | Got a brightly glowing dagger
  6686 | D:6      | Identified the +4 dagger "Felamo" {vamp, MR+ Dex+2} (You
                  | found it on level 6 of the Dungeon)
  6732 | D:6      | Found a bloodstained altar of Trog.
  6916 | D:6      | Reached XP level 8. HP: 36/36 MP: 13/20
  6925 | D:6      | Reached skill level 9 in Stealth
  7193 | D:6      | Found a staircase to the Ecumenical Temple.
  7198 | Temple   | Entered the Ecumenical Temple
  7267 | Temple   | Became a worshipper of Dithmenos the Shadowed
  7521 | D:7      | Reached skill level 10 in Stealth
  8624 | D:7      | Reached * piety under Dithmenos
  8627 | D:7      | Reached skill level 11 in Stealth
  8647 | D:7      | Noticed Prince Ribbit
  8654 | D:7      | Killed Prince Ribbit
  8866 | D:8      | Found Xyklat's General Store.
  8887 | D:8      | Noticed Pikel
  8901 | D:8      | Killed Pikel
  8901 | D:8      | Reached skill level 12 in Stealth
  8901 | D:8      | Reached skill level 10 in Spellcasting
  8901 | D:8      | Reached XP level 9. HP: 39/39 MP: 16/24
  8904 | D:8      | Noticed Psyche
  8913 | D:8      | Killed Psyche
  9128 | D:8      | Found a staircase to the Lair.
  9208 | D:8      | Noticed Joseph
  9222 | D:8      | Killed Joseph
  9222 | D:8      | Reached skill level 5 in Short Blades
  9273 | D:8      | Reached skill level 13 in Stealth
  9381 | D:8      | Found a runed door.
  9382 | D:8      | Reached ** piety under Dithmenos
  9387 | D:8      | Found a basalt altar of Yredelemnul.
  9429 | D:8      | Reached skill level 1 in Fighting
  9466 | D:8      | Reached XP level 10. HP: 45/45 MP: 8/25
 10597 | D:9      | Found a staircase to the Orcish Mines.
 10799 | D:9      | Found a burning altar of Makhleb.
 10800 | D:9      | Found a shimmering altar of Xom.
 11151 | D:9      | Found Zin's Purification Station.
 11151 | D:9      | Found a glowing silver altar of Zin.
 11229 | D:9      | Found a shimmering altar of Xom.
 11518 | Orc:1    | Entered Level 1 of the Orcish Mines
 11543 | D:10     | Entered Level 10 of the Dungeon
 11617 | D:10     | Reached skill level 5 in Dodging
 11650 | D:10     | Found a portal to a secret trove of treasure.
 12043 | D:10     | Found a white marble altar of Elyvilon.
 12619 | D:9      | Reached *** piety under Dithmenos
 13447 | D:11     | Reached skill level 14 in Stealth
 13458 | D:11     | Learned a level 3 spell: Regeneration
 13472 | D:11     | You fall through a shaft!
 13481 | D:12     | Reached XP level 11. HP: 52/52 MP: 11/27
 13498 | D:12     | Reached skill level 1 in Evocations
 13569 | D:12     | Noticed Azrael
 13577 | D:11     | Reached skill level 1 in Invocations
 13686 | D:11     | Noticed a deep elf mage
 13695 | D:11     | Killed a deep elf mage
 13705 | D:11     | Found a labyrinth entrance.
 13718 | Lab      | Entered a labyrinth
 14821 | Lab      | Learned a level 3 spell: Mephitic Cloud
 14861 | Lab      | Noticed a minotaur
 15662 | Lab      | Killed a minotaur
 15820 | D:11     | Noticed Snorg
 15822 | D:11     | Killed Snorg
 15822 | D:11     | Reached skill level 1 in Charms
 15950 | D:11     | Learned a level 4 spell: Fulminant Prism
 16434 | D:12     | Reached **** piety under Dithmenos
 16444 | D:12     | Reached skill level 1 in Armour
 16519 | D:12     | Noticed an unseen horror
 16536 | D:12     | Killed an unseen horror
 16543 | D:12     | Noticed an unseen horror
 16547 | D:12     | Killed an unseen horror
 16547 | D:12     | Reached skill level 15 in Stealth
 16719 | D:12     | Reached skill level 5 in Evocations
 17064 | D:12     | Killed from afar by Azrael

Vault maps used:
D:1:      dpeg_arrival_water_temple_mockup
D:2:      minitemple, nicolae_gozag_cash_rules_everything_around_me
D:4:      minmay_diamond_boxcup, first_ration, serial_shops, kennysheep_mini
D:5:      kennysheep_mini_moat, nrook_mini_backslash
D:6:      minmay_temple_entry_nine_rooms, trog_three_pillars_becter
D:7:      uniq_prince_ribbit1
D:8:      lair_entry_dummy, serial_shops, shop, hangedman_pestilent_swarm,
          dk_yredelemnul_ordeal, uniq_psyche, uniq_joseph, uniq_pikel
D:9:      grunt_temple_overflow_champion_of_chaos, zin_purify, david_orc_4,
          basic_altar
D:10:     enter_trove_1, elyvilon_altar_5
D:11:     lab_entry_generic, minmay_misc_feat_x, kennysheep_big_empty_room,
          uniq_snorg
D:12:     hangedman_parallel_progression, uniq_azrael
Temple:   nicolae_temple_god_jail
Orc:1:    serial_shops, shop, mines2_lemuel
Lab:      nicolae_lab_dead_adventurers, nicolae_lab_dead_end,
          nicolae_lab_do_over, labyrinth_skeletal_remains,
          nicolae_lab_checkerboard

Skill      XL: |  1  2  3  4  5  6  7  8  9 10 11 |
---------------+----------------------------------+-----
Spellcasting   | 3 4 5 7 10 11 12 | 12.1
Hexes          | 4 5 6 7 |  7.3
Stealth        | 5 6 7 8 12 13 14 15 | 15.1
Short Blades   | 2 3 6 8 |  8.4
Conjurations   | 1 2 |  2.0
Fighting       | 1 3 |  3.0
Dodging        | 6 7 |  7.8
Evocations     | 5 |  5.1
Invocations    | 2 |  2.4
Charms         | 2 |  2.0
Armour         | 2 |  2.5
Ice Magic      | |  0.5

Action                   |  1- 3 |  4- 6 |  7- 9 | 10-12 || total
-------------------------+-------+-------+-------+-------++-------
Melee: Dagger            |   100 |   199 |   161 |   230 ||   690
       Short sword       |       |       |    14 |       ||    14
 Cast: Ensorcelled Hiber |    23 |    98 |   108 |   110 ||   339
       Confuse           |       |     3 |    14 |    42 ||    59
       Dazzling Spray    |       |       |     2 |    38 ||    40
       Mephitic Cloud    |       |       |       |     1 ||     1
       Regeneration      |       |       |       |     1 ||     1
  Use: Scroll            |       |       |     7 |    14 ||    21
       Potion            |       |       |     1 |     1 ||     2
 Stab: Sleeping          |    23 |    53 |    68 |    97 ||   241
       Confused          |       |     2 |     7 |    15 ||    24
       Distracted        |       |       |     2 |     4 ||     6
       Invisible         |       |       |     1 |     7 ||     8
  Eat: Ration            |       |     3 |     4 |     3 ||    10
Armor: Robe              |    10 |    25 |    12 |    20 ||    67
Dodge: Dodged            |    92 |   175 |   136 |   335 ||   738

Table legend:
 A = Non-vault XP
 B = Vault XP
 C = Vault XP percentage of total XP
 D = Non-vault monster count
 E = Vault monster count
 F = Vault count percentage of total count
                 A         B        C        D         E       F
            +---------+---------+-------+---------+---------+-------
      Total |    8846 |   12058 |  57.7 |     244 |      92 |  27.4
            +---------+---------+-------+---------+---------+-------
        D:1 |      67 |       0 |   0.0 |      29 |       0 |   0.0
        D:2 |      95 |       0 |   0.0 |      28 |       0 |   0.0
        D:3 |     111 |       0 |   0.0 |      23 |       0 |   0.0
        D:4 |     490 |      84 |  14.6 |      32 |       4 |  11.1
        D:5 |     128 |       0 |   0.0 |       9 |       0 |   0.0
        D:6 |     654 |       0 |   0.0 |      11 |       0 |   0.0
        D:7 |     851 |     286 |  25.2 |      29 |       1 |   3.3
        D:8 |    1211 |    2285 |  65.4 |      30 |       8 |  21.1
        D:9 |     320 |    1405 |  81.4 |       7 |      31 |  81.6
       D:10 |    1152 |    1221 |  51.5 |      18 |      16 |  47.1
       D:11 |    1820 |    1386 |  43.2 |      16 |       3 |  15.8
       D:12 |    1947 |    3408 |  63.6 |      12 |      24 |  66.7
        Lab |       0 |    1983 | 100.0 |       0 |       5 | 100.0
            +---------+---------+-------+---------+---------+-------
